 Dungeon Crawl Stone Soup version 0.23-a0-4-g8f018a2 (webtiles) character file.

594901 tilp the Englaciator (level 27, -2/222 HPs)
             Began as a Merfolk Ice Elementalist on July 27, 2018.
             Was the Champion of Makhleb.
             Killed from afar by a war gargoyle (9 damage)
             ... with a spray of metal splinters
             ... on level 5 of the Vaults on July 31, 2018.
             The game lasted 06:14:02 (75010 turns).

tilp the Englaciator (Merfolk Ice Elementalist)    Turns: 75010, Time: 06:14:03

Health: -2/222     AC: 25    Str: 13    XL:     27
Magic:  22/39      EV: 21    Int: 35    God:    Makhleb [******]
Gold:   2591       SH:  0    Dex: 10    Spells: 6/50 levels left

rFire    + + .     SeeInvis .   V - +8 glaive (vamp)
rCold    + . .     Gourm    .   (shield currently unavailable)
rNeg     . . .     Faith    +   o - +1 leather armour of the Guardian {Int+5}
rPois    +         Spirit   .   W - +2 hat {MR+}
rElec    .         Reflect  .   R - +0 cloak "Olykh" {MR+ Slay+5}
rCorr    +         Harm     .   q - +2 pair of gloves {Str+3}
MR       ++++.                  N - +2 pair of boots
Stlth    +++.......             D - amulet of Duurghoal {Faith rPois rF++ rC+ Dex-5}
HPRegen  0.47/turn              K - ring of resist corrosion
MPRegen  0.26/turn              f - +5 ring of intelligence

@: icy armour, heavily drained
A: change form in water, swift swim, stealthy swim, no potion heal 1
}: 3/15 runes: serpentine, barnacled, silver
a: Minor Destruction, Lesser Servant of Makhleb, Major Destruction, Greater
Servant of Makhleb, Renounce Religion


You were on level 5 of the Vaults.
You worshipped Makhleb.
Makhleb was exalted by your worship.
You were not hungry.

You visited 8 branches of the dungeon, and saw 43 of its levels.
You also visited: Labyrinth, Bailey and Ice Cave.

You collected 5800 gold pieces.
You spent 3209 gold pieces at shops.

Inventory:

Hand Weapons
 V - a +8 vampiric glaive (weapon)
 X - a +2 bardiche of protection
Missiles
 h - 12 javelins of penetration (quivered)
Armour
 o - the +1 leather armour of the Guardian (worn) {Int+5}
   (You bought it in a shop on level 15 of the Dungeon)

   It affects your intelligence (+5).
 q - a +2 pair of gloves of strength (worn)
 N - a +2 pair of boots (worn)
 P - quicksilver dragon scales
 R - the +0 cloak "Olykh" (worn) {MR+ Slay+5}
   (You found it on level 4 of the Depths)

   It affects your accuracy and damage with ranged weapons and melee attacks
   (+5).
   It affects your resistance to hostile enchantments.
 W - a +2 hat of magic resistance (worn)
Jewellery
 f - a +5 ring of intelligence (right hand)
 C - the ring "Zaesh" {Wiz rC+ MR- Str+3 SInv}
   (You found it on level 10 of the Dungeon)

   [ring of wizardry]

   It improves your spell success rate.
   It affects your strength (+3).
   It protects you from cold.
   It affects your resistance to hostile enchantments.
   It lets you see invisible.
 D - the amulet of Duurghoal (around neck) {Faith rPois rF++ rC+ Dex-5}
   (You found it on level 4 of the Depths)

   [amulet of faith]

   It allows you to gain divine favour quickly.
   It affects your dexterity (-5).
   It greatly protects you from fire.
   It protects you from cold.
   It protects you from poison.
 H - the ring of Robustness {AC+8}
   (You found it on level 1 of the Depths)

   [ring of protection]

   It affects your AC (+8).
 K - a ring of resist corrosion (left hand)
 S - the ring "Muisouc" {rF+ rN+}
   (You bought it in a shop on level 2 of the Depths)

   [ring of protection from fire]

   It protects you from fire.
   It protects you from negative energy.
 Y - an uncursed ring of protection from magic
Wands
 e - a wand of scattershot (9)
 l - a wand of clouds (4)
 y - a wand of paralysis (15)
 F - a wand of acid (78)
 J - a wand of polymorph (31)
 T - a wand of digging (16)
Scrolls
 a - 7 scrolls of magic mapping
 d - 16 scrolls of remove curse
 g - a scroll of amnesia
 i - 15 scrolls of identify
 n - 10 scrolls of fog
 p - 6 scrolls of enchant armour
 r - 4 scrolls of holy word
 x - 14 scrolls of teleportation
 L - a scroll of summoning
 Z - 13 scrolls of fear
Potions
 k - 4 potions of agility
 m - 6 potions of brilliance
 s - 2 potions of berserk rage
 t - 6 potions of might
 u - 7 potions of haste
 v - 12 potions of curing
 w - 4 potions of heal wounds
 z - 10 potions of magic
 A - 2 potions of invisibility
 B - 4 potions of ambrosia
 G - 8 potions of flight
 I - 11 potions of mutation
 O - 2 potions of resistance
Miscellaneous
 M - a lightning rod (4/4)
 Q - 3 boxes of beasts
 U - a lamp of fire
Comestibles
 c - 71 rations


   Skills:
 + Level 19.6(17.2) Fighting
 - Level 20.0(17.6) Polearms
 + Level 22.8(20.2) Dodging
 - Level 9.1(7.3) Stealth
 - Level 12.0(10.0) Spellcasting
 - Level 8.0(6.1) Conjurations
 - Level 10.0(8.1) Charms
 - Level 4.0(2.3) Necromancy
 O Level 27(24.2) Ice Magic
 - Level 8.0(6.1) Air Magic
 - Level 5.5(3.8) Invocations
 - Level 8.0(6.2) Evocations


You had 6 spell levels left.
You knew the following spells:

 Your Spells              Type           Power        Failure   Level  Hunger
a - Freeze                Ice            ####         0%          1    None
b - Throw Frost           Conj/Ice       ######       0%          2    None
c - Ozocubu's Armour      Chrm/Ice       #######.     0%          3    None
d - Throw Icicle          Conj/Ice       #######.     1%          4    None
e - Regeneration          Chrm/Necr      ######....   1%          3    None
f - Spectral Weapon       Hex/Chrm       #####...     1%          3    None
g - Freezing Cloud        Conj/Ice/Air   #######...   3%          6    ####...
h - Conjure Flame         Conj/Fire      #####...     2%          3    None
i - Sticky Flame          Conj/Fire      #####...     9%          4    None
j - Summon Butterflies    Summ           ###.....     3%          1    None
k - Blink                 Tloc           N/A          4%          2    None
l - Deflect Missiles      Chrm/Air       ######....   26%         6    ####...
m - Bolt of Cold          Conj/Ice       #######...   1%          6    ####...

Your spell library contained the following spells:

 Spells                   Type           Power        Failure   Level  Hunger
 Cause Fear               Hex            ###.......   30%         4    None
 Magic Dart               Conj           ####         1%          1    None
 Fireball                 Conj/Fire      #####.....   24%         5    ##.....
 Bolt of Fire             Conj/Fire      #####.....   80%         6    ####...
 Bolt of Magma            Conj/Fire/Erth ####......   36%         5    ##.....
 Slow                     Hex            ###.....     4%          2    None
 Confuse                  Hex            ###.....     10%         3    None
 Invisibility             Hex            ###.....     99%         6    ####...
 Throw Flame              Conj/Fire      #####.       1%          2    None
 Mephitic Cloud           Conj/Pois/Air  #####...     1%          3    None
 Ring of Flames           Chrm/Fire      #####.....   99%         7    ######.
 Venom Bolt               Conj/Pois      #####.....   24%         5    ##.....
 Olgreb's Toxic Radiance  Pois           ###.....     30%         4    None
 Death's Door             Chrm/Necr      ######....   100%        8    #######
 Iskenderun's Mystic Bla  Conj           ######..     2%          4    None
 Animate Dead             Necr           N/A          12%         4    None
 Pain                     Necr           ####         1%          1    None
 Haunt                    Necr/Summ      ####......   100%        7    ######.
 Borgnjor's Revivificati  Necr           ####......   100%        8    #######
 Ozocubu's Refrigeration  Ice            ########..   1%          6    ####...
 Summon Ice Beast         Ice/Summ       #######.     1%          4    None
 Dispel Undead            Necr           ####....     32%         5    ##.....
 Sting                    Conj/Pois      ####         1%          1    None
 Sublimation of Blood     Necr           ####......   1%          2    None
 Corpse Rot               Necr           N/A          1%          2    None
 Iron Shot                Conj/Erth      #####.....   80%         6    ####...
 Stone Arrow              Conj/Erth      #####.       2%          3    None
 Swiftness                Chrm/Air       ######..     1%          2    None
 Spider Form              Tmut/Pois      ###.......   10%         3    None
 Blade Hands              Tmut           ###.......   65%         5    ##.....
 Ice Form                 Ice/Tmut       #######.     1%          4    None
 Dragon Form              Tmut           ###.......   100%        7    ######.
 Necromutation            Tmut/Necr      ####......   100%        8    #######
 Confusing Touch          Hex            ###...       3%          1    None
 Flame Tongue             Conj/Fire      #####        1%          1    None
 Passwall                 Tmut/Erth      ###.....     4%          2    None
 Sticks to Snakes         Tmut           ###.....     4%          2    None
 Call Canine Familiar     Summ           ###.....     10%         3    None
 Metabolic Englaciation   Hex/Ice        #######...   1%          5    ##.....
 Silence                  Hex/Air        #####.....   24%         5    ##.....
 Corona                   Hex            ###....      3%          1    None
 Lee's Rapid Deconstruct  Erth           ###.......   65%         5    ##.....
 Sandblast                Erth           ###...       3%          1    None
 Simulacrum               Ice/Necr       #######...   1%          6    ####...
 Conjure Ball Lightning   Conj/Air       ######....   36%         6    ####...
 Excruciating Wounds      Chrm/Necr      ######....   10%         5    ##.....
 Portal Projectile        Hex/Tloc       ###...       10%         3    None
 Petrify                  Tmut/Erth      ###.....     30%         4    None
 Passage of Golubria      Tloc           N/A          30%         4    None
 Orb of Destruction       Conj           ######....   91%         7    ######.
 Tornado                  Air            ######....   100%        9    #######
 Leda's Liquefaction      Hex/Erth       ###.......   30%         4    None
 Summon Hydra             Summ           ###.......   100%        7    ######.
 Darkness                 Hex            ###.......   99%         6    ####...
 Shroud of Golubria       Chrm/Tloc      #####.....   1%          2    None
 Inner Flame              Hex/Fire       ###.....     10%         3    None
 Beastly Appendage        Tmut           ###...       3%          1    None
 Iskenderun's Battlesphe  Conj/Chrm      ######..     4%          5    ##.....
 Fulminant Prism          Conj/Hex       #####.....   9%          4    None
 Dazzling Spray           Conj/Hex       #####.       2%          3    None
 Force Lance              Conj/Tloc      #####...     9%          4    None
 Infusion                 Chrm           ####         1%          1    None
 Song of Slaying          Chrm           ######..     1%          2    None
 Searing Ray              Conj           ######       1%          2    None
 Summon Forest            Summ/Tloc      ###.......   65%         5    ##.....
 Summon Lightning Spire   Summ/Air       #####...     9%          4    None
 Dragon's Call            Summ           ###.......   100%        9    #######
 Spellforged Servitor     Conj/Summ      #####.....   100%        7    ######.
 Summon Mana Viper        Hex/Summ       ###.....     65%         5    ##.....
 Hydra Form               Tmut           ###.......   99%         6    ####...
 Gell's Gravitas          Tloc           ###.......   10%         3    None
 Yara's Violent Unravell  Hex/Tmut       ###.......   65%         5    ##.....
 Infestation              Necr           ####......   100%        8    #######
 Poisonous Vapours        Pois/Air       #####.       1%          2    None


Dungeon Overview and Level Annotations

Branches:
Dungeon (15/15)            Temple (0/1) D:4            Lair (6/6) D:9
 Shoals (4/4) Lair:2        Snake (4/4) Lair:2        Slime (0/5) Lair:5
    Orc (2/2) D:10            Elf (2/3) Orc:2        Vaults (5/5) D:13
  Crypt (0/3) Vaults:3     Depths (5/5) D:15            Zot (0/5) Depths:5

Altars:
Ashenzari
Elyvilon
Fedhas
Hepliaklqana
Kikubaaqudgha
Makhleb
Nemelex Xobeh
Trog
Uskayaw
Vehumet
Xom
Yredelemnul
The Shining One
Beogh
Jiyva

Shops:
D:5 (   D:6 !:=?%   D:10 =   D:15 [   Orc:2 [([(   Vaults:2 :   Depths:2 =}}(

Portals:
Hell: Depths:1 Depths:2 Depths:3 Depths:4 Depths:5
Abyss: Depths:3 Depths:4
Pandemonium: Depths:1 Depths:2 Depths:3
Ziggurat: Depths:1

Annotations:
D:10 exclusion: sky beast, Harold
Lair:5 1 runed door
Shoals:4 Ilsuiw
Snake:1 Frances
Snake:2 Vashnia
Snake:4 exclusion: Roxanne, Roxanne
Orc:2 Nessos
Vaults:2 Jory
Depths:3 exclusions: ice dragon and ugly thing, Mennas
Depths:4 1 runed door
Depths:5 1 runed door, Zagelieth's ghost, veteran DEFE


Innate Abilities, Weirdness & Mutations

You revert to your normal form in water.
You are very nimble and swift while swimming.
You are very stealthy in the water. (Stealth+)
Potions are less effective at restoring your health.


Message History

Okay, then.
Casting: Spectral Weapon (safe; 1% risk of failure)
Confirm with . or Enter, or press ? or * to list all spells.
You blink.
Casting: Blink (safe; 4% risk of failure)
Confirm with . or Enter, or press ? or * to list all spells.
You blink.
The war gargoyle closely misses you.
Casting: Blink (safe; 4% risk of failure)
Confirm with . or Enter, or press ? or * to list all spells.
You blink.
The vault guard misses you.
Casting: Blink (safe; 4% risk of failure)
Confirm with . or Enter, or press ? or * to list all spells.
You blink.
The war gargoyle hits you but does no damage.
Casting: Blink (safe; 4% risk of failure)
Confirm with . or Enter, or press ? or * to list all spells.
You blink.
The war gargoyle launches metal splinters at you.
The spray of metal splinters hits you!
You die...

..#........#...#....#.....##
...............#....#..)...## ##
##.###.........#....#.......# ##[
#().##.....#...#....#.......###..
)(.).#...#.....#....#......###(..
.[.....#...#...#....#.....###....
(.[..#...#.....#....#.....##)....
#...##.....#...#....#....###.....
##.###.........#@.9§#...###[.....
...............#.p..#...##.......
..#........#...#§...#....'....###
...............#.e..#..####'#####
.#.#.....#.#...#....#.## #(###..
...............#....#.#####)).(..
#.#.#..#.#.#...#e......##.(......
.................................
##############.........##########


You could see a vault guard, a deep elf death mage, a deep elf elementalist and
a war gargoyle.

Vanquished Creatures
  2 ancient liches
  A juggernaut (Depths:4)
  Sojobo (Depths:4)
  Bai Suzhen (Snake:4)
  Saint Roka (Vaults:4)
  3 caustic shrikes (Depths:4)
  2 golden dragons
  A bone dragon (Depths:5)
  5 liches (Depths:4)
  Jorgrun (Snake:1)
  7 tentacled monstrosities
  4 quicksilver dragons
  5 titans
  A kraken (Shoals:4)
  6 sphinxes
  5 storm dragons
  9 tengu reavers
  Donald (Vaults:4)
  10 nagarajas
  8 fire giants
  6 deep elf sorcerers
  22 vault wardens
  19 frost giants
  A deep elf elementalist (Elf:2)
  An orc warlord (Orc:2)
  3 iron dragons (Depths:4)
  10 ironheart preservers
  Aizul (Snake:1)
  A draconian stormcaller (Depths:5)
  17 stone giants
  22 very ugly things
  2 war gargoyles (Vaults:5)
  A stone giant (shapeshifter) (Depths:4)
  A draconian annihilator (Depths:5)
  An entropy weaver (Vaults:4)
  A caustic shrike skeleton (Depths:1)
  4 deep elf annihilators
  4 vampire knights
  A black draconian (Depths:5)
  2 deep elf demonologists
  A spark wasp (shapeshifter) (Depths:5)
  2 white draconians (Depths:5)
  13 spark wasps
  A yellow draconian (Depths:5)
  A dire elephant (D:15)
  2 deep elf death magi
  A minotaur (Lab)
  A green death (Depths:2)
  15 merfolk impalers
  17 ettins
  5 merfolk javelineers (Shoals:4)
  11 fire dragons
  4 deep elf high priests
  27 yaktaur captains
  40 vault guards
  12 great orbs of eyes
  The ghost of Otolel the Basher, a journeyman MiFi of Trog (Lair:1)
  4 hydras
  14 ice dragons
  Fannar (D:12)
  The ghost of Thaneod the Cleaver, a journeyman DsBe of Trog (D:10)
  A hell beast (Depths:1)
  4 rakshasas
  13 naga warriors
  15 anacondas
  10 centaur warriors
  5 spriggan air magi
  A merfolk avatar (Shoals:1)
  3 merfolk aquamancers (Shoals:4)
  4 death knights
  8 ogre magi
  4 satyrs
  2 alligator snapping turtles
  17 deep troll shamans
  32 dancing weapons
  20 two-headed ogres
  5 tengu warriors
  8 death yaks
  16 deep troll earth magi
  15 naga sharpshooters
  2 vampire magi
  An orc high priest (Elf:2)
  A soul eater (Depths:2)
  4 shock serpents
  A hell knight (Depths:4)
  20 deep elf knights
  8 spriggan berserkers
  2 fire crabs (shapeshifter)
  7 skeletal warriors
  6 salamander mystics
  A spark wasp zombie (Depths:1)
  3 iron trolls
  3 unseen horrors
  3 glowing orange brains
  16 sea snakes
  A glowing orange brain (shapeshifter) (Vaults:1)
  36 deep trolls
  9 flayed ghosts
  Pikel (D:6)
  6 naga ritualists
  4 wizards
  3 phantasmal warriors
  17 ironbrand convokers
  A lindwurm (shapeshifter) (Depths:4)
  23 deep elf archers
  5 wolf spiders
  4 necromancers
  An orb spider (shapeshifter) (D:14)
  4 orc sorcerers
  4 harpies
  23 ugly things
  12 orc knights
  5 cyclopes
  63 deep elf magi
  An oklob plant (Snake:3)
  11 salamanders
  A fire giant zombie (Depths:1)
  A cyclops (shapeshifter) (Vaults:5)
  10 mana vipers
  18 fauns
  19 elephants
  7 merfolk sirens
  Maurice (D:8)
  13 vault sentinels
  4 water nymphs
  15 manticores
  13 guardian serpents
  2 rust devils
  16 naga magi
  38 black mambas
  5 spectral swamp worms (Depths:5)
  An ice statue (IceCv)
  11 spiny frogs
  An orange demon (Depths:2)
  A torpor snail (Lair:5)
  A gargoyle (D:13)
  11 komodo dragons
  2 rime drakes
  A kobold demonologist (D:12)
  A yaktaur (shapeshifter) (Depths:4)
  10 freezing wraiths
  58 yaktaurs
  A hellwing (Depths:1)
  2 tengu conjurers
  4 trolls
  A troll (shapeshifter) (Depths:4)
  A red devil (Depths:1)
  2 merfolk (shapeshifter)
  28 merfolk
  A polar bear (shapeshifter) (Vaults:2)
  A queen bee (Orc:1)
  4 polar bears (Lair:5)
  6 wind drakes
  12 hornets
  6 hippogriffs
  A hornet (shapeshifter) (Elf:1)
  21 slime creatures
  A raiju (shapeshifter) (Depths:4)
  15 blink frogs
  A deep troll zombie (Depths:1)
  10 dream sheep
  7 snapping turtles
  A centaur simulacrum (D:10)
  12 water elementals
  3 air elementals (Elf:1)
  7 spriggans
  2 spriggans (shapeshifter)
  Eustachio (D:5)
  8 redbacks
  A tarantella (shapeshifter) (Depths:2)
  10 wraiths
  A shadow (Lab)
  A yak (shapeshifter) (Depths:3)
  39 yaks
  A basilisk (D:15)
  4 fire elementals (Elf:2)
  2 hogs (D:12)
  2 humans (D:13)
  12 wyverns
  Menkaure (D:6)
  3 hungry ghosts
  A steam dragon (D:12)
  A swamp worm (shapeshifter) (Vaults:1)
  A death yak simulacrum (IceCv)
  A chaos spawn (Depths:1)
  2 yaktaur simulacra
  3 vampire mosquitoes (D:13)
  3 human simulacra
  4 wargs
  Edmund (D:4)
  49 nagas
  2 acid dragons (D:15)
  3 soldier ants
  A water moccasin (shapeshifter) (Vaults:3)
  35 water moccasins
  8 porcupines
  44 orc warriors
  11 ice beasts
  9 sky beasts
  A black bear (D:6)
  An alligator simulacrum (IceCv)
  2 black bears (shapeshifter)
  A swamp drake (shapeshifter) (Depths:2)
  7 necrophages (D:7)
  8 boggarts
  A tengu (shapeshifter) (Elf:2)
  20 ogres
  9 wolves
  26 centaurs
  6 big kobolds
  14 crocodiles
  17 bullfrogs
  3 earth elementals (Elf:1)
  2 glowing shapeshifter simulacra
  A water moccasin skeleton (D:7)
  5 scorpions
  13 wights
  38 killer bees
  2 howler monkeys
  7 electric eels
  6 crimson imps
  A spectral centaur (D:10)
  A bullfrog zombie (D:10)
  4 lava snakes (Lab)
  A draconian simulacrum (IceCv)
  2 centaur zombies
  4 hounds
  5 human zombies (D:7)
  A bullfrog skeleton (D:10)
  Crazy Yiuf (D:4)
  28 orc priests
  4 centaur skeletons
  3 jellies
  34 orc wizards
  8 iguanas
  A human skeleton (D:7)
  12 worker ants
  Natasha (thrice) (D:2)
  Ijyb (D:3)
  A statue (D:4)
  3 troll simulacra (IceCv)
  A spriggan simulacrum (IceCv)
  A wolf simulacrum (IceCv)
  An ogre zombie (D:7)
  An ogre skeleton (D:7)
  5 mummies (D:7)
  4 worker ant zombies
  Robin (D:2)
  20 adders
  13 gnolls (Bailey)
  2 naga simulacra (IceCv)
  6 ogre simulacra (IceCv)
  A shadow imp (D:15)
  9 white imps (IceCv)
  3 oozes
  An adder zombie (D:7)
  3 worms
  A dart slug (D:2)
  4 leopard geckos
  128 orcs
  7 giant cockroaches
  13 goblins
  27 hobgoblins
  10 jackals
  4 quokkas
  4 ball pythons
  12 bats
  12 frilled lizards
  2 jackal zombies
  31 kobolds
  A leopard gecko zombie (D:7)
  An orc zombie (D:7)
  A quokka skeleton (D:4)
  2 quokka zombies
  5 rats
  2 bushes (Shoals:1)
  A plant (Shoals:3)
  4 spectral weapons
  2 tentacles (Shoals:4)
2193 creatures vanquished.

Vanquished Creatures (collateral kills)
  Gastronok (Lair:1)
  Kirke (D:12)
  Josephine (Lair:3)
  3 hydras
  A catoblepas (D:15)
  3 two-headed ogres (D:9)
  4 elephants
  2 spiny frogs (Lair:2)
  3 freezing wraiths (IceCv)
  A hippogriff (Lair:5)
  A yak (D:8)
  Grum (D:8)
  A death yak simulacrum (IceCv)
  A phantom (D:9)
  A necrophage (D:9)
  2 big kobolds
  2 wights (D:12)
  2 draconian simulacra (IceCv)
  A worker ant (D:12)
  A troll simulacrum (IceCv)
  2 centaur simulacra (IceCv)
  A naga simulacrum (IceCv)
  An ogre simulacrum (IceCv)
  3 white imps (IceCv)
  An adder skeleton (D:8)
  6 kobolds
  A fungus (D:9)
  A plant (D:9)
49 creatures vanquished.

Vanquished Creatures (others)
  A vampire knight (Depths:4)
  A merfolk impaler (Shoals:4)
  A yaktaur captain (Depths:4)
  A vault guard (Vaults:5)
  A naga warrior (Snake:4)
  A satyr (Shoals:2)
  A deep elf knight (Elf:2)
  A deep elf archer (Elf:1)
  2 deep elf magi
  3 yaktaurs
  Sigmund (D:6)
  A porcupine (shapeshifter) (Elf:2)
  2 slaves (D:6)
  An ogre (Vaults:5)
  A centaur (D:6)
  An electric eel (D:6)
  A ball lightning (Snake:4)
  2 hobgoblins (Bailey)
  3 jackals (D:6)
  A kobold (Bailey)
  68 fungi
  61 plants
  103 spectral weapons
  6 tentacles (Shoals:4)
265 creatures vanquished.

Grand Total: 2507 creatures vanquished

Notes
Turn   | Place    | Note
-------+----------+-------------------------------------------
     0 | D:1      | tilp the Merfolk Ice Elementalist began the quest for the Orb.
     0 | D:1      | Reached XP level 1. HP: 13/13 MP: 3/3
   453 | D:1      | Reached XP level 2. HP: 11/19 MP: 5/5
   468 | D:1      | Learned a level 2 spell: Throw Frost
   551 | D:1      | Reached skill level 4 in Ice Magic
  1305 | D:2      | Found a burning altar of Makhleb.
  1308 | D:2      | Reached skill level 5 in Ice Magic
  1308 | D:2      | Reached XP level 3. HP: 24/24 MP: 6/6
  1313 | D:2      | Learned a level 3 spell: Ozocubu's Armour
  1322 | D:2      | Became a worshipper of Makhleb the Destroyer
  1352 | D:2      | Reached XP level 4. HP: 24/30 MP: 7/7
  1563 | D:2      | Noticed Natasha
  1570 | D:2      | Killed Natasha
  1570 | D:2      | Reached skill level 6 in Ice Magic
  1649 | D:2      | Noticed Robin
  1665 | D:2      | Reached XP level 5. HP: 30/35 MP: 3/8
  1753 | D:2      | Killed Robin
  1753 | D:2      | Reached * piety under Makhleb
  1773 | D:2      | Noticed Natasha
  1780 | D:2      | Killed Natasha
  1780 | D:2      | Reached skill level 1 in Fighting
  1810 | D:2      | Noticed Natasha
  1848 | D:2      | Found a white marble altar of Elyvilon.
  1866 | D:2      | Killed Natasha
  2090 | D:2      | Found a sparkling altar of Nemelex Xobeh.
  2456 | D:3      | Reached XP level 6. HP: 44/44 MP: 3/9
  2648 | D:3      | Noticed Ijyb
  3070 | D:3      | Reached ** piety under Makhleb
  3174 | D:3      | Noticed an ice beast
  3192 | D:3      | Killed an ice beast
  3192 | D:3      | Reached XP level 7. HP: 52/52 MP: 6/11
  3438 | D:4      | Reached skill level 5 in Dodging
  3512 | D:4      | Found a shimmering altar of Xom.
  3512 | D:4      | Found a shimmering altar of Xom.
  3522 | D:4      | Noticed Edmund
  3849 | D:4      | Found a staircase to the Ecumenical Temple.
  3868 | D:4      | Found a runed door.
  4116 | D:4      | Found a radiant altar of Vehumet.
  4438 | D:4      | Reached XP level 8. HP: 60/60 MP: 9/13
  4507 | D:4      | Found a shimmering altar of Xom.
  4507 | D:4      | Found a shimmering altar of Xom.
  4507 | D:4      | Found a shimmering altar of Xom.
  4510 | D:4      | Found a shimmering altar of Xom.
  4635 | D:5      | Entered Level 5 of the Dungeon
  4737 | D:5      | Reached skill level 1 in Conjurations
  4767 | D:5      | Found Jyppaoss's Antique Weapon Shop.
  4777 | D:5      | Reached skill level 1 in Charms
  4777 | D:5      | Reached skill level 1 in Invocations
  4780 | D:5      | Bought a bloodstained spear for 224 gold pieces
  4808 | D:5      | Found a hazy altar of Hepliaklqana.
  5318 | D:5      | Noticed Eustachio
  5859 | D:5      | Found a burning altar of Makhleb.
  6129 | D:6      | Noticed Pikel
  6179 | D:6      | Killed Pikel
  6179 | D:6      | Reached skill level 5 in Invocations
  6179 | D:6      | Reached XP level 9. HP: 59/65 MP: 5/15
  6274 | D:6      | Found Beomaov's Magic Scroll Shop.
  6276 | D:6      | Bought a scroll of remove curse for 39 gold pieces
  6276 | D:6      | Bought a scroll of random uselessness for 13 gold pieces
  6276 | D:6      | Bought a scroll of identify for 26 gold pieces
  6309 | D:6      | Identified the +3 spear of Urib {pierce, *Noise rPois rF++ SInv} (You bought it in a shop on level 5 of the Dungeon)
  6446 | D:6      | Found Bytzo's Food Emporium.
  6513 | D:6      | Killed Sigmund
  6752 | D:6      | Found a blossoming altar of Fedhas.
  6884 | D:6      | Found Pacaqo's Jewellery Emporium.
  6900 | D:6      | Found Fihi's Book Shoppe.
  7160 | D:6      | Noticed Menkaure
  7169 | D:6      | Killed Menkaure
  7230 | D:6      | Reached *** piety under Makhleb
  7407 | D:6      | Found a hide-covered altar of Uskayaw.
  7408 | D:6      | Found an ancient bone altar of Kikubaaqudgha.
  7497 | D:7      | Reached skill level 7 in Ice Magic
  7803 | D:7      | Reached skill level 5 in Fighting
  8051 | D:7      | Reached skill level 8 in Ice Magic
  8382 | D:6      | Found Ilangaar's Distillery.
  8456 | D:6      | Reached XP level 10. HP: 43/73 MP: 8/16
  8811 | D:7      | Found a basalt altar of Yredelemnul.
  9221 | D:7      | Reached skill level 9 in Ice Magic
  9281 | D:7      | HP: 1/76 [ice beast (12)]
  9292 | D:7      | Reached **** piety under Makhleb
  9934 | D:8      | Noticed a two-headed ogre
 10163 | D:8      | Reached skill level 10 in Ice Magic
 10232 | D:8      | Reached skill level 1 in Polearms
 10422 | D:8      | Noticed a three-headed hydra
 10431 | D:8      | Killed a three-headed hydra
 10431 | D:8      | Reached skill level 5 in Polearms
 10586 | D:8      | Noticed Grum
 10830 | D:8      | Killed a two-headed ogre
 10830 | D:8      | Reached skill level 10 in Dodging
 10830 | D:8      | Reached XP level 11. HP: 77/83 MP: 8/17
 11544 | D:8      | Noticed Maurice
 11595 | D:8      | Killed Maurice
 11814 | D:8      | Killed Grum
 12364 | D:9      | Learned a level 4 spell: Throw Icicle
 12471 | D:9      | Found a shattered altar of Ashenzari.
 12686 | D:9      | Noticed a two-headed ogre
 12757 | D:9      | Killed a two-headed ogre
 12983 | D:9      | Noticed a two-headed ogre
 13000 | D:9      | Killed a two-headed ogre
 13191 | D:9      | Found a staircase to the Lair.
 13362 | D:9      | Reached ***** piety under Makhleb
 13362 | D:9      | Reached skill level 10 in Polearms
 13559 | D:9      | Noticed a two-headed ogre
 13574 | D:9      | Killed a two-headed ogre
 13993 | D:10     | Entered Level 10 of the Dungeon
 13993 | D:10     | Noticed Harold
 14052 | D:10     | Found Ziamuwn's Jewellery Shop.
 14140 | D:10     | Found a runed gate.
 14145 | D:10     | Found a runed gate.
 14146 | D:10     | Found a runed gate.
 14146 | D:10     | Noticed Thaneod's ghost (journeyman DsBe)
 14795 | D:10     | Got a steaming steel ring
 14845 | D:10     | Found a staircase to the Orcish Mines.
 14860 | D:10     | Reached XP level 12. HP: 94/94 MP: 18/18
 14987 | D:10     | Found a roughly hewn altar of Beogh.
 15497 | D:10     | Identified the ring "Zaesh" {Wiz rC+ MR- Str+3 SInv} (You found it on level 10 of the Dungeon)
 16010 | D:5      | Killed Eustachio
 16024 | D:5      | Found a sparkling altar of Nemelex Xobeh.
 16149 | D:4      | Killed Edmund
 16264 | D:4      | Noticed Crazy Yiuf
 16268 | D:4      | Killed Crazy Yiuf
 16376 | D:3      | Killed Ijyb
 16569 | Lair:1   | Entered Level 1 of the Lair of Beasts
 16569 | Lair:1   | Found a frozen archway.
 16577 | IceCv    | Entered an ice cave
 17674 | IceCv    | Found an ancient bone altar of Kikubaaqudgha.
 17719 | IceCv    | Reached skill level 5 in Stealth
 18630 | Lair:1   | Found a runed door.
 18630 | Lair:1   | Noticed Otolel's ghost (journeyman MiFi)
 18815 | Lair:1   | Noticed Gastronok
 19592 | Lair:2   | Reached skill level 10 in Fighting
 19777 | Lair:2   | Noticed a seven-headed hydra
 19803 | Lair:2   | Killed a seven-headed hydra
 19803 | Lair:2   | Reached skill level 15 in Polearms
 20317 | Lair:2   | Reached XP level 13. HP: 103/103 MP: 7/19
 20602 | Lair:2   | Found a staircase to the Snake Pit.
 20993 | Lair:2   | Found a staircase to the Shoals.
 21566 | Lair:3   | Found a labyrinth entrance.
 21603 | Lab      | Entered a labyrinth
 22207 | Lab      | Noticed a minotaur
 22224 | Lab      | Killed a minotaur
 22229 | Lab      | Got a translucent rapier
 22906 | Lair:3   | Got a transparent trident
 23449 | Lair:3   | Reached skill level 1 in Evocations
 24074 | Lair:4   | Noticed Josephine
 24123 | Lair:3   | Killed Josephine
 25016 | Lair:5   | Upgraded the game from 0.22-a0-858-g985ef60 to 0.22-a0-866-geee5034
 25056 | Lair:5   | Found a runed door.
 25056 | Lair:5   | Found a viscous altar of Jiyva.
 25056 | Lair:5   | Noticed an azure jelly
 25061 | Lair:5   | Noticed an azure jelly
 25062 | Lair:5   | Found a staircase to the Slime Pits.
 25062 | Lair:5   | Noticed an azure jelly
 25543 | Lair:5   | Reached XP level 14. HP: 110/110 MP: 20/20
 27080 | Lair:6   | Entered Level 6 of the Lair of Beasts
 28368 | Lair:5   | Reached skill level 5 in Spellcasting
 28531 | Lair:6   | Reached skill level 5 in Charms
 30402 | Lair:6   | Reached XP level 15. HP: 115/115 MP: 22/25
 30521 | Lair:6   | Reached skill level 11 in Ice Magic
 31236 | D:6      | Bought a book of Battle for 520 gold pieces
 31240 | D:6      | Learned a level 3 spell: Regeneration
 31242 | D:6      | Learned a level 1 spell: Beastly Appendage
 31247 | D:6      | Learned a level 3 spell: Spectral Weapon
 31254 | D:6      | Learned a level 6 spell: Freezing Cloud
 31270 | D:6      | Bought a +4 amulet of reflection for 324 gold pieces
 31303 | D:6      | Bought a scroll of enchant weapon for 97 gold pieces
 31420 | Orc:1    | Entered Level 1 of the Orcish Mines
 31573 | Orc:1    | Found a bloodstained altar of Trog.
 32010 | Orc:1    | Reached skill level 1 in Air Magic
 32480 | Orc:2    | Entered Level 2 of the Orcish Mines
 32560 | Orc:2    | Found a roughly hewn altar of Beogh.
 32688 | Orc:2    | Found a roughly hewn altar of Beogh.
 32845 | Orc:2    | Found a roughly hewn altar of Beogh.
 32901 | Orc:2    | Noticed Nessos
 32998 | Orc:2    | Found a roughly hewn altar of Beogh.
 33037 | Orc:2    | Found Oxkohes's Antique Weapon Shop.
 33127 | Orc:2    | Found a roughly hewn altar of Beogh.
 33128 | Orc:2    | Found Rosamn's Armour Shoppe.
 33261 | Orc:2    | Found a roughly hewn altar of Beogh.
 33626 | Orc:2    | Reached ****** piety under Makhleb
 33747 | Orc:2    | Noticed an orc warlord
 33781 | Orc:2    | Killed an orc warlord
 33906 | Orc:2    | Found Jiraib's Antique Armour Shop.
 33910 | Orc:2    | Found a roughly hewn altar of Beogh.
 33917 | Orc:2    | Found Miug's Antique Weapon Boutique.
 33928 | Orc:2    | Bought a shimmering leather armour for 231 gold pieces
 34001 | Orc:2    | Found a roughly hewn altar of Beogh.
 34072 | Orc:2    | Found a staircase to the Elven Halls.
 34400 | D:6      | Bought a scroll of blinking for 97 gold pieces
 34400 | D:6      | Bought a scroll of enchant armour for 97 gold pieces
 34400 | D:6      | Bought a scroll of enchant armour for 97 gold pieces
 34400 | D:6      | Bought a scroll of enchant weapon for 97 gold pieces
 34400 | D:6      | Bought a scroll of fear for 45 gold pieces
 34410 | D:6      | Identified the cursed +1 leather armour "Mauq Cahysi" {*Drain rPois rC+} (You bought it in a shop on level 2 of the Orcish Mines)
 34410 | D:6      | Identified the +10 trident of the Salmon {protect, rN+} (You found it on level 3 of the Lair of Beasts)
 34411 | D:6      | Identified the +5 rapier "Takotaevu" {holy, Int+3 SInv} (You found it in a labyrinth)
 34622 | D:11     | Found a flagged portal.
 34642 | Bailey   | Entered a bailey
 34788 | Bailey   | Reached skill level 12 in Ice Magic
 34815 | Bailey   | Reached XP level 16. HP: 123/123 MP: 28/28
 35591 | D:11     | Learned a level 3 spell: Conjure Flame
 35596 | D:11     | Learned a level 4 spell: Sticky Flame
 35688 | D:12     | Paralysed by a hornet for 3 turns
 35714 | D:12     | Noticed Kirke
 35995 | D:12     | Killed Kirke
 36047 | D:12     | Reached skill level 5 in Conjurations
 36242 | D:12     | Learned a level 1 spell: Summon Butterflies
 36667 | D:12     | Noticed Fannar
 36684 | D:12     | Killed Fannar
 37987 | D:13     | Reached skill level 13 in Ice Magic
 38109 | D:13     | Found a gate to the Vaults.
 38528 | D:14     | Found a hide-covered altar of Uskayaw.
 38689 | D:14     | Found a glowing golden altar of the Shining One.
 38847 | D:14     | Reached XP level 17. HP: 131/131 MP: 29/29
 39005 | D:15     | Entered Level 15 of the Dungeon
 39311 | D:15     | Found a staircase to the Depths.
 39564 | D:15     | Found Jorro's Antique Armour Boutique.
 39585 | D:15     | Bought a diamond-encrusted leather armour for 196 gold pieces
 39595 | D:15     | Identified the +1 leather armour of the Guardian {Int+5} (You bought it in a shop on level 15 of the Dungeon)
 40358 | D:10     | Killed Thaneod's ghost
 40475 | Lair:1   | Killed Gastronok
 40503 | Lair:1   | Killed Otolel's ghost
 40560 | Snake:1  | Entered Level 1 of the Snake Pit
 40737 | Snake:1  | Noticed Frances
 40869 | Snake:1  | Identified Jiutwozu's Advanced Steps in Secret Knowledge
 41048 | Snake:1  | Noticed Aizul
 41422 | Snake:2  | Reached skill level 14 in Ice Magic
 41530 | Snake:2  | Noticed Jorgrun
 41740 | Snake:1  | Killed Aizul
 42254 | Snake:2  | Noticed Vashnia
 42256 | Snake:2  | Upgraded the game from 0.22-a0-866-geee5034 to 0.22-a0-877-g5c4e1af
 42813 | Snake:2  | Identified Sif Muna's Papyrus of Dislocated Evil
 42849 | Snake:1  | Killed Jorgrun
 42995 | Snake:2  | Learned a level 2 spell: Blink
 43073 | Snake:2  | Reached skill level 15 in Dodging
 43708 | Snake:3  | Reached skill level 15 in Ice Magic
 43761 | Snake:3  | Found a blossoming altar of Fedhas.
 43847 | Snake:3  | Reached skill level 1 in Necromancy
 44528 | Snake:3  | Reached XP level 18. HP: 138/140 MP: 20/30
 44913 | Snake:3  | Identified a scroll of acquirement
 44915 | Snake:3  | Got a colourful robe
 44926 | Snake:3  | Identified the +0 robe of Tyemonid {rCorr Int+4} (You acquired it on level 3 of the Snake Pit)
 45392 | Snake:4  | Entered Level 4 of the Snake Pit
 45394 | Snake:4  | Noticed Roxanne
 45575 | Snake:4  | Noticed Bai Suzhen
 45669 | Snake:4  | Killed Bai Suzhen
 46165 | Snake:4  | Found a runed gate.
 46165 | Snake:4  | Found a runed gate.
 46165 | Snake:4  | Found a runed gate.
 46323 | Snake:4  | Reached skill level 5 in Air Magic
 46815 | Snake:4  | Reached skill level 16 in Ice Magic
 47071 | Snake:4  | HP: 6/140 [naga sharpshooter/arrow (20)]
 47601 | Snake:4  | Reached skill level 10 in Spellcasting
 47601 | Snake:4  | Reached XP level 19. HP: 146/146 MP: 20/33
 47656 | Snake:4  | Got a serpentine rune of Zot
 48124 | D:6      | Bought a potion of resistance for 140 gold pieces
 48124 | D:6      | Bought 2 potions of might for 112 gold pieces
 48124 | D:6      | Bought a potion of curing for 42 gold pieces
 48124 | D:6      | Bought a potion of agility for 56 gold pieces
 48124 | D:6      | Bought a potion of curing for 42 gold pieces
 48156 | D:6      | Bought a scroll of fear for 45 gold pieces
 48156 | D:6      | Bought a scroll of fear for 45 gold pieces
 48156 | D:6      | Bought a scroll of magic mapping for 45 gold pieces
 48353 | Shoals:1 | Entered Level 1 of the Shoals
 49881 | Shoals:2 | Reached skill level 17 in Ice Magic
 51472 | Shoals:4 | Entered Level 4 of the Shoals
 51568 | Shoals:4 | Reached skill level 18 in Ice Magic
 51844 | Shoals:4 | Noticed Ilsuiw
 52812 | Shoals:4 | Reached skill level 5 in Evocations
 52815 | Shoals:4 | Reached XP level 20. HP: 155/155 MP: 14/34
 52852 | Shoals:4 | Got a barnacled rune of Zot
 53574 | Vaults:1 | Entered Level 1 of the Vaults
 54970 | Vaults:2 | Found Qarch's Book Shoppe.
 55118 | Vaults:2 | HP: 6/157 [yaktaur captain/bolt (28)]
 55128 | Vaults:1 | HP: 6/157 [vault warden/long sword of slicing (3)]
 55783 | Vaults:2 | Noticed Jory
 57507 | Vaults:3 | Learned a level 6 spell: Deflect Missiles
 57666 | Vaults:3 | Reached XP level 21. HP: 166/166 MP: 29/35
 58469 | Vaults:3 | Found a staircase to the Crypt.
 58686 | Vaults:4 | Reached skill level 15 in Fighting
 59702 | Vaults:4 | Reached skill level 10 in Charms
 59773 | Vaults:4 | Noticed Donald
 59788 | Vaults:4 | Killed Donald
 60219 | Vaults:4 | Noticed Saint Roka
 60238 | Vaults:4 | Killed Saint Roka
 60315 | Vaults:4 | Reached XP level 22. HP: 175/175 MP: 28/38
 60844 | Elf:1    | Entered Level 1 of the Elven Halls
 62307 | Elf:2    | Gained mutation: Potions are less effective at restoring your health. [a neqoxec]
 62730 | Elf:2    | Found a runed gate.
 62730 | Elf:2    | Found a runed gate.
 62733 | Elf:2    | Found a runed gate.
 62920 | Elf:2    | Reached skill level 19 in Ice Magic
 63318 | Elf:2    | Upgraded the game from 0.22-a0-877-g5c4e1af to 0.22-a0-880-gb7b0c8b
 63765 | Elf:1    | Learned a level 6 spell: Bolt of Cold
 63992 | Depths:1 | Entered Level 1 of the Depths
 63992 | Depths:1 | Found a gateway to Hell.
 63992 | Depths:1 | Found a gateway to a ziggurat.
 64258 | Depths:1 | Found the ring of Robustness {AC+8}
 64265 | Depths:1 | Reached XP level 23. HP: 178/186 MP: 32/39
 65426 | Depths:1 | Found a one-way gate leading to the halls of Pandemonium.
 66277 | Depths:2 | Found Rogokk's Gadget Boutique.
 66279 | Depths:2 | Found Kimoklio's Jewellery Emporium.
 66280 | Depths:2 | Found Joroonekk's Gadget Boutique.
 66287 | Depths:2 | Bought the ring "Muisouc" {rF+ rN+} for 579 gold pieces
 66388 | Depths:2 | Reached skill level 20 in Ice Magic
 66550 | Depths:2 | Identified the amulet "Vufoples" {Gourm *Corrode rF++} (You found it on level 2 of the Depths)
 66989 | Depths:2 | Found Aggoh's Antique Weapon Shoppe.
 67419 | Depths:3 | Found a one-way gate to the infinite horrors of the Abyss.
 67448 | Depths:3 | You fall through a shaft!
 67448 | Depths:4 | Found a white marble altar of Elyvilon.
 67448 | Depths:4 | Found a blossoming altar of Fedhas.
 67448 | Depths:4 | Found a white marble altar of Elyvilon.
 67448 | Depths:4 | Found a radiant altar of Vehumet.
 67667 | Depths:3 | Noticed an ancient lich
 67696 | Depths:3 | Killed an ancient lich
 67696 | Depths:3 | Reached skill level 21 in Ice Magic
 67704 | Depths:3 | Reached XP level 24. HP: 168/197 MP: 9/39
 67981 | Depths:3 | Noticed Mennas
 68834 | Depths:4 | Found a runed door.
 69020 | Depths:4 | Reached skill level 22 in Ice Magic
 69203 | Depths:4 | Noticed Sojobo
 69203 | Depths:4 | Noticed a juggernaut
 69410 | Depths:4 | Noticed a caustic shrike
 69423 | Depths:4 | Killed a caustic shrike
 69430 | Depths:4 | Reached skill level 23 in Ice Magic
 69682 | Depths:4 | Identified the amulet of Duurghoal {Faith rPois rF++ rC+ Dex-5} (You found it on level 4 of the Depths)
 69809 | Depths:4 | Found a burning altar of Makhleb.
 69977 | Depths:4 | Identified the Compendium of Talismans
 70349 | Depths:4 | Killed a juggernaut
 70429 | Depths:4 | Upgraded the game from 0.22-a0-880-gb7b0c8b to 0.23-a0-4-g8f018a2
 70452 | Depths:4 | Killed Sojobo
 70452 | Depths:4 | Reached skill level 24 in Ice Magic
 70452 | Depths:4 | Reached XP level 25. HP: 141/204 MP: 27/39
 70642 | Depths:4 | Reached XP level 26. HP: 211/211 MP: 33/39
 70659 | Depths:4 | Found a runed door.
 71232 | Depths:4 | Reached skill level 25 in Ice Magic
 71487 | Depths:4 | Got a pitted cloak
 71498 | Depths:4 | Identified the +0 cloak "Olykh" {MR+ Slay+5} (You found it on level 4 of the Depths)
 71508 | Depths:4 | Found the +7 Singing Sword
 71618 | Depths:5 | Entered Level 5 of the Depths
 71936 | Depths:5 | Found a runed door.
 72498 | Depths:5 | Noticed Zagelieth's ghost (veteran DEFE)
 73135 | Depths:5 | Reached skill level 26 in Ice Magic
 73232 | Depths:5 | Found a gate to the Realm of Zot.
 73512 | Vaults:5 | Entered Level 5 of the Vaults
 73614 | Vaults:5 | Reached XP level 27. HP: 219/219 MP: 35/39
 74422 | Vaults:5 | Got a silver rune of Zot
 74669 | Vaults:5 | Reached skill level 27 in Ice Magic
 74798 | Vaults:5 | Got a pair of brightly glowing boots
 74809 | Vaults:5 | Identified the +1 pair of boots of Jeghu {*Drain rF- Regen+ Dex+9} (You found it on level 5 of the Vaults)
 74940 | Vaults:5 | Noticed an ancient lich
 74954 | Vaults:4 | Killed an ancient lich
 75005 | Vaults:5 | HP: 5/222 [war gargoyle/flail (19)]
 75010 | Vaults:5 | Killed from afar by a war gargoyle

Vault maps used:
D:1:      lightli_arrival_maybe_door_vault
D:2:      wad_river_or_something, grunt_temple_overflow_open,
          makhleb_blood_cavern_becter, uniq_natasha, uniq_robin
D:3:      uniq_ijyb
D:4:      vehumet_statue, temple_statues, minmay_tree_intersection,
          xom_redecorated, uniq_edmund, uniq_crazy_yiuf_cottage
D:5:      lemuel_ice_spiral_2, lemuel_doored_altar, marbit_many_paths,
          serial_shops, nicolae_shop_waterfront, first_ration,
          minmay_misc_feat_encased, minivault_26, nemelex_dance_club_becter,
          uniq_eustachio
D:6:      black_bear_nest_1, gammafunk_temple_overflow_pools, serial_shops,
          shop, shop, shop, shop, kennysheep_mini_moat, chequers_big_river,
          fedhas_bush_and_centaur_altar, uniq_menkaure, uniq_pikel, uniq_sigmund
D:7:      serial_undead, serial_undead_d, serial_undead_b, serial_undead_b,
          serial_undead_b, serial_undead_e, serial_undead_c,
          lemuel_mausoleum_altar_yredelemnul
D:8:      hangedman_ranch, uniq_grum, uniq_maurice
D:9:      grunt_lair_entry_orc_guard_hut, cheibrodos_ashenzari_chains
D:10:     minmay_orc_entry_temple_small, serial_shops, shop,
          gammafunk_ghost_necromancy, kennysheep_generic_room_5, uniq_harold
D:11:     enter_bailey_3
D:12:     uniq_kirke, uniq_fannar
D:13:     grunt_vaults_entry_fortified
D:14:     nicolae_tso_carved_into_rock, kennysheep_flooded_box
D:15:     hangedman_depths_entry_try_elsewhere_first, serial_shops, shop
Lair:1:   portal_ice_cave_entry_pillars_1, ebering_ghost_reflecting_pool,
          beast_lair_carwin_5, uniq_gastronok
Lair:2:   minmay_shoals_entry_beasts, dummy_snake_entry
Lair:3:   lab_entry_generic
Lair:4:   st_stairs_5, lemuel_fruit_fields, uniq_josephine
Lair:5:   slime_altar_2
Lair:6:   hangedman_lair_tendril_chambers
Shoals:1: cheibrodos_shoals_satyrical_garden, yaktaur_hedge
Shoals:2: nicolae_shoals_cliffside_cave
Shoals:3: centaur_isle
Shoals:4: shoals_end_grunt_ice, shoals_ilsuiw_alternative,
          nicolae_shoals_kraken_intersection
Snake:1:  uniq_aizul, uniq_frances
Snake:2:  spider_trap, uniq_jorgrun, uniq_vashnia
Snake:3:  grunt_ministairs_10, stair_cage_wide, spider_trap, st_stairs_2,
          nrook_loot_triangle, lemuel_oklob_altar, grunt_megastairs_2,
          serial_bayou_shore_b
Snake:4:  johnstein_snake_rune_scales, nicolae_snake_horde_hoard,
          uniq_bai_suzhen, uniq_roxanne
Orc:1:    special_room, trog_butcher_becter
Orc:2:    grunt_orc_community_town_hall, grunt_orc_community_big_house_2,
          grunt_orc_community_big_house_1, grunt_orc_community_house_1,
          grunt_orc_community_house_3, grunt_orc_community_house_2,
          grunt_orc_community_house_3, basic_altar, uniq_nessos
Elf:1:    eino_elf_arrival_sip, minivault_28
Vaults:1: v_misc_16, ontoclasm_vaults_pinch, v_misc_5,
          grunt_vaults_hallway_short, nicolae_vaults_asterisk
Vaults:2: nicolae_vaults_little_squares_5, vaults_room_semicircle,
          ontoclasm_vaults_claustrophobia, nicolae_vaults_circle_grid_b,
          nicolae_vaults_little_squares_1, nicolae_vaults_triangles,
          vaults_dpeg_hooks, nicolae_vaults_windows_and_doors_thing,
          nicolae_vaults_three_branches, nicolae_vaults_hallways_thing,
          hangedman_vaults_slice, v_misc_13, serial_shops, shop, uniq_jory
Vaults:3: v_misc_30, vaults_mumra_bighexcomb, ontoclasm_vaults_twist,
          blue_anna_dwarven_crypt, hangedman_vaults_cutoff, v_misc_14,
          vaults_dpeg_diagonal, v_misc_24, nicolae_vaults_little_squares_4,
          v_misc_25, grunt_vaults_funnel, v_misc_29, nicolae_vaults_alarming,
          vaults_room_stairs_pillars, vaults_room_pools,
          nicolae_vaults_mini_display_case, nicolae_vaults_little_squares_6
Vaults:4: v_rooms_6, nicolae_vaults_meeting, v_misc_13,
          nicolae_vaults_little_ls, grunt_vaults_focal, v_misc_2,
          vaults_mumra_minichess, nicolae_vaults_little_squares_1,
          nicolae_vaults_network_square, ontoclasm_vaults_loading_screen,
          hangedman_vaults_slice, nicolae_vaults_twisting_passages,
          hangedman_vaults_impose, uniq_donald, uniq_saint_roka
Depths:1: enter_ziggurat_a, minmay_misc_feat_doors, hell_entry,
          rand_demon_pan_entry_4, serial_sigils_hangedman_shear,
          hangedman_abyss_or_decor_clamps, serial_sigils_hangedman_confine,
          kennysheep_nondescript, hangedman_decor_diamond_cutter,
          lemuel_statue_altar
Depths:2: minmay_split_circle, pf_coc_iceberg, rand_demon_pan_entry_5,
          serial_shops, shop, hangedman_decor_lopped, minmay_shop_grove
Depths:3: grunt_deathspiral_large, hell_entry, abyss_entry, pan_entry,
          nrook_uturn, uniq_mennas
Depths:4: minmay_the_grid_ultimate, hell_entry, abyss_entry, uniq_sojobo
Depths:5: evilmike_zot_entry_round, pf_hell_entry_tar_river,
          muffindrake_ghost_dead_mans_drink
Lab:      nicolae_lab_garden, labyrinth_lava_lair, nicolae_lab_starburst
Bailey:   bailey_axe_2, bailey
IceCv:    ice_cave_small_necro

Skill      XL: |  1  2  3  4  5  6  7  8  9 10 11 12 13 14 15 16 17 18 19 20 21 22 23 24 25 26 27 |
---------------+----------------------------------------------------------------------------------+-----
Ice Magic      | 5 6 8 10 12 13 15 16 18 19 21 24 26 27 | 27.0
Dodging        | 3 4 6 7 10 11 12 15 17 18 20 21 22 | 22.8
Fighting       | 2 3 4 5 7 8 10 11 12 14 15 16 18 19 | 19.6
Spellcasting   | 3 4 7 8 10 12 | 12.0
Stealth        | 4 7 9 |  9.1
Conjurations   | 2 3 4 6 8 |  8.0
Charms         | 3 4 6 7 10 | 10.0
Invocations    | 5 |  5.5
Polearms       | 6 11 15 18 20 | 20.0
Evocations     | 3 4 5 7 8 |  8.0
Air Magic      | 3 6 8 |  8.0
Necromancy     | 2 4 |  4.0

Action                   |  1- 3 |  4- 6 |  7- 9 | 10-12 | 13-15 | 16-18 | 19-21 | 22-24 | 25-27 || total
-------------------------+-------+-------+-------+-------+-------+-------+-------+-------+-------++-------
Melee: Dagger            |    34 |   117 |   303 |   251 |       |       |       |       |       ||   705
       Tailslap          |       |       |     1 |       |     1 |     6 |    13 |     1 |       ||    22
       Spear             |       |       |       |   211 |       |       |       |       |       ||   211
       Halberd           |       |       |       |   527 |    21 |       |       |       |       ||   548
       Staff             |       |       |       |     1 |       |       |       |       |       ||     1
       Glaive            |       |       |       |       |  1608 |  1458 |  1495 |  1425 |   890 ||  6876
Throw: Stone             |       |     2 |       |       |       |       |       |       |       ||     2
       Tomahawk          |       |       |       |     6 |     1 |       |       |       |       ||     7
       Javelin           |       |       |       |       |     1 |     2 |       |       |       ||     3
 Cast: Freeze            |    10 |    54 |    56 |   198 |    22 |     3 |       |       |       ||   343
       Throw Frost       |     1 |     4 |    10 |    73 |    29 |    10 |    11 |     1 |     6 ||   145
       Ozocubu's Armour  |       |     4 |    22 |    96 |   140 |   117 |   129 |   113 |    86 ||   707
       Throw Icicle      |       |       |       |     7 |    55 |    35 |    63 |    42 |    18 ||   220
       Spectral Weapon   |       |       |       |       |     5 |    81 |   110 |   101 |    68 ||   365
       Regeneration      |       |       |       |       |     2 |    26 |    14 |    19 |    15 ||    76
       Conjure Flame     |       |       |       |       |       |     5 |       |       |       ||     5
       Sticky Flame      |       |       |       |       |       |     4 |     9 |     7 |     1 ||    21
       Blink             |       |       |       |       |       |     1 |       |       |     5 ||     6
       Freezing Cloud    |       |       |       |       |       |       |    14 |    26 |     4 ||    44
       Deflect Missiles  |       |       |       |       |       |       |     1 |     4 |     3 ||     8
       Bolt of Cold      |       |       |       |       |       |       |       |     4 |       ||     4
Invok: Minor Destruction |       |       |     4 |       |       |       |       |       |       ||     4
       Lesser Servant of |       |       |       |    24 |    22 |     8 |       |       |       ||    54
Evoke: Wand              |       |       |       |       |       |       |     2 |     1 |       ||     3
  Use: Scroll            |       |       |     5 |    21 |    17 |     6 |     6 |    10 |     9 ||    74
       Potion            |       |       |       |     6 |     9 |     6 |     4 |     1 |     6 ||    32
 Stab: Sleeping          |     4 |     6 |    10 |    18 |    17 |    32 |    24 |    19 |       ||   130
       Distracted        |       |       |       |    15 |     6 |    21 |    23 |    26 |     9 ||   100
       Invisible         |       |       |       |       |     3 |       |       |       |     4 ||     7
  Eat: Chunk             |     2 |     7 |    19 |    34 |    46 |    17 |    36 |    30 |    18 ||   209
       Ration            |       |       |       |     4 |     7 |     8 |     2 |     3 |       ||    24
Armor: Robe              |    10 |    26 |    70 |   203 |   494 |    86 |       |       |       ||   889
       Leather armour    |       |       |       |       |       |   225 |   300 |   327 |   250 ||  1102
Dodge: Dodged            |    23 |    91 |   211 |   800 |  1427 |   883 |  1112 |   962 |   546 ||  6055
       Deflected         |       |       |       |       |       |       |     5 |    25 |    37 ||    67
Block: Other             |       |       |       |       |    86 |   177 |   242 |   164 |    23 ||   692
       Reflection        |       |       |       |       |    14 |    24 |    37 |    14 |       ||    89

Table legend:
 A = Spawn XP
 B = Non-spawn XP
 C = Spawn XP percentage of total XP
 D = Spawn monster count
 E = Non-spawn monster count
 F = Spawn count percentage of total count
 G = Total turns spent on level
                    A         B        C        D         E        F      G
               +---------+---------+-------+---------+---------+-------+---------
         Total |       0 | 1184243 |   0.0 |       0 |    2247 |   0.0 | 75010
               +---------+---------+-------+---------+---------+-------+---------
           D:1 |       0 |      22 |   0.0 |       0 |      17 |   0.0 |   848
           D:2 |       0 |     257 |   0.0 |       0 |      40 |   0.0 |  1585
           D:3 |       0 |     384 |   0.0 |       0 |      36 |   0.0 |  1074
           D:4 |       0 |     871 |   0.0 |       0 |      28 |   0.0 |  1530
           D:5 |       0 |     751 |   0.0 |       0 |      14 |   0.0 |  1852
           D:6 |       0 |    1926 |   0.0 |       0 |      20 |   0.0 |  2143
           D:7 |       0 |    3764 |   0.0 |       0 |      80 |   0.0 |  2750
           D:8 |       0 |    4244 |   0.0 |       0 |      45 |   0.0 |  1860
           D:9 |       0 |    4557 |   0.0 |       0 |      35 |   0.0 |  2314
          D:10 |       0 |    3804 |   0.0 |       0 |      44 |   0.0 |  1787
          D:11 |       0 |    2681 |   0.0 |       0 |      28 |   0.0 |   882
          D:12 |       0 |    9053 |   0.0 |       0 |      50 |   0.0 |  1247
          D:13 |       0 |   16550 |   0.0 |       0 |      37 |   0.0 |  1642
          D:14 |       0 |    4668 |   0.0 |       0 |      12 |   0.0 |   696
          D:15 |       0 |   13273 |   0.0 |       0 |      32 |   0.0 |  1511
        Lair:1 |       0 |    6876 |   0.0 |       0 |      23 |   0.0 |  1081
        Lair:2 |       0 |    5705 |   0.0 |       0 |      16 |   0.0 |  2190
        Lair:3 |       0 |   12261 |   0.0 |       0 |      43 |   0.0 |  2131
        Lair:4 |       0 |    2075 |   0.0 |       0 |       9 |   0.0 |  1048
        Lair:5 |       0 |   20177 |   0.0 |       0 |      58 |   0.0 |  3132
        Lair:6 |       0 |   18713 |   0.0 |       0 |      63 |   0.0 |  2584
      Shoals:1 |       0 |   16411 |   0.0 |       0 |      33 |   0.0 |  1362
      Shoals:2 |       0 |   13288 |   0.0 |       0 |      27 |   0.0 |  1159
      Shoals:3 |       0 |   11267 |   0.0 |       0 |      29 |   0.0 |  1239
      Shoals:4 |       0 |   40179 |   0.0 |       0 |      59 |   0.0 |  1235
       Snake:1 |       0 |   15445 |   0.0 |       0 |      18 |   0.0 |  1779
       Snake:2 |       0 |   14869 |   0.0 |       0 |      34 |   0.0 |  1265
       Snake:3 |       0 |   33265 |   0.0 |       0 |      57 |   0.0 |  2276
       Snake:4 |       0 |   69287 |   0.0 |       0 |     120 |   0.0 |  2117
         Orc:1 |       0 |    3951 |   0.0 |       0 |      54 |   0.0 |  1082
         Orc:2 |       0 |    8828 |   0.0 |       0 |      90 |   0.0 |  1880
         Elf:1 |       0 |   34166 |   0.0 |       0 |      58 |   0.0 |  1497
         Elf:2 |       0 |   53446 |   0.0 |       0 |      82 |   0.0 |  1463
      Vaults:1 |       0 |   21931 |   0.0 |       0 |      38 |   0.0 |  1894
      Vaults:2 |       0 |   41561 |   0.0 |       0 |      66 |   0.0 |  1563
      Vaults:3 |       0 |   50272 |   0.0 |       0 |      70 |   0.0 |  1784
      Vaults:4 |       0 |   89160 |   0.0 |       0 |     113 |   0.0 |  2044
      Vaults:5 |       0 |  128371 |   0.0 |       0 |      98 |   0.0 |  1443
      Depths:1 |       0 |   53947 |   0.0 |       0 |      81 |   0.0 |  1462
      Depths:2 |       0 |   32648 |   0.0 |       0 |      39 |   0.0 |  1526
      Depths:3 |       0 |   64378 |   0.0 |       0 |      58 |   0.0 |  1716
      Depths:4 |       0 |  164709 |   0.0 |       0 |     107 |   0.0 |  2973
      Depths:5 |       0 |   82603 |   0.0 |       0 |      90 |   0.0 |  1429
           Lab |       0 |    1926 |   0.0 |       0 |       8 |   0.0 |   628
        Bailey |       0 |     357 |   0.0 |       0 |      34 |   0.0 |   293
         IceCv |       0 |    5366 |   0.0 |       0 |      54 |   0.0 |  2014
               +---------+---------+-------+---------+---------+-------+---------
